 Dungeon Crawl Stone Soup version 0.28-a0-1447-ga5a8893891 (webtiles) character file.

Game seed: 8083356781009377493

35 knot the Chopper (level 3, 27/43 HPs)
             Began as a Demonspawn Berserker on Jan 12, 2022.
             Was a Follower of Trog.
             Quit the game on level 2 of the Dungeon.
             The game lasted 00:00:54 (1149 turns).

knot the Chopper (Demonspawn Berserker)             Turns: 1149, Time: 00:00:55

Health: 27/43      AC:  5    Str: 17    XL:     3   Next: 16%
Magic:  0/3        EV: 11    Int: 10    God:    Trog [*.....]
Gold:   34         SH:  0    Dex: 12    Spells: 2/2 levels left

rFire   . . .      SeeInvis .   a - +0 hand axe
rCold   . . .      Faith    .   (no shield)
rNeg    . . .      Spirit   .   k - +0 leather armour
rPois   .          Reflect  .   h - +0 helmet
rElec   .          Harm     .   (no cloak)
rCorr   .          Rampage  .   e - +0 pair of gloves {infuse}
Will    .....                   (no boots)
Stlth   ..........              (no amulet)
HPRegen 0.14/turn               (no ring)
MPRegen 0.08/turn               (no ring)

@: berserking (expiring), very quick
A: claws 1, spiny 1
a: Renounce Religion, Berserk


You were on level 2 of the Dungeon.
You worshipped Trog.
Trog was aware of your devotion.
You visited 1 branch of the dungeon, and saw 2 of its levels.

You collected 34 gold pieces.

Inventory:

Hand Weapons
 a - a +0 hand axe (weapon)
Missiles
 f - 15 poisoned darts (quivered)
Armour
 e - a +0 pair of gloves of infusion (worn)
 h - a +0 helmet (worn)
 k - a +0 leather armour (worn)
Scrolls
 d - a scroll of torment {unknown}
 i - 2 scrolls of identify {unknown}
 j - 2 scrolls of teleportation {unknown}
Potions
 c - 2 potions of brilliance {unknown}
 g - a potion of might {unknown}


   Skills:
 - Level 3.0 Fighting
 + Level 3.9 Axes
 - Level 1.7 Armour
 - Level 1.7 Dodging


You had 2 spell levels left.
You didn't know any spells.
Your spell library was empty.

Dungeon Overview and Level Annotations

Branches:
Dungeon (2/15)

Altars:

Annotations:
D:2 Sigmund


Innate Abilities, Weirdness & Mutations

You have sharp fingernails.
You are partially covered in sharp spines.


Message History

You feel yourself moving faster!
You feel mighty!
The goblin shouts!
The kobold shouts!
The goblin hits you with a +0 club. x2; The goblin closely misses you.
You hit the goblin.
You kill the goblin!
Trog accepts your kill.
You closely miss the goblin. You slash the goblin!
You kill the goblin!
Trog accepts your kill.
You slash the goblin!
You kill the goblin!
Trog accepts your kill.
You slash the hobgoblin!
You kill the hobgoblin!
Trog accepts your kill.
A goblin comes into view. It is wielding a +0 dagger.
The goblin hits you with a +0 dagger.
Things that are here:
a +0 dagger; a hobgoblin corpse You slash the goblin!
You kill the goblin!
Trog accepts your kill.
A jackal comes into view.
Sigmund the Dreaded comes into view.
He is wielding a +0 scythe.
The jackal barks!
Robin misses you. The goblin barely misses you.
Things that are here:
a +0 dagger; a goblin corpse You hit Robin.
You punch Robin!
You kill Robin!
Trog accepts your kill.
You closely miss the goblin.
A jackal comes into view.
The goblin misses you.
You have reached level 3!
Your experience leads to an increase in your attributes!
Increase (S)trength, (I)ntelligence, or (D)exterity?
You feel clever. x2; Your demonic ancestry asserts itself...
Sharp spines emerge from parts of your body.
Are you sure you want to abandon this character and quit the game? (Confirm with "yes".)

#..........#
#........###
#.<...# ##.#####
#..# ####### #.##
....... ##.#
gK..@.. #..#
#####gg.h..h
###.####).)@g.gg...
#.......)##########
##########


You could see Sigmund, 2 jackals, 2 hobgoblins, 4 goblins and a kobold.

Vanquished Creatures
  Robin (D:2)
  A dart slug (D:1)
  An endoplasm (D:1)
  A giant cockroach (D:1)
  4 goblins (D:2)
  2 hobgoblins
  6 jackals (D:1)
  A quokka (D:1)
17 creatures vanquished.

Notes
Turn   | Place    | Note
-------+----------+-------------------------------------------
     0 | D:1      | knot the Demonspawn Berserker began the quest for the Orb.
     0 | D:1      | Reached XP level 1. HP: 18/18 MP: 1/1
   503 | D:1      | Gained mutation: You have sharp fingernails. [demonic
                  | ancestry]
   503 | D:1      | Reached XP level 2. HP: 16/24 MP: 0/2
  1137 | D:2      | Noticed Robin
  1147 | D:2      | Noticed Sigmund
  1148 | D:2      | Killed Robin
  1149 | D:2      | Gained mutation: You are partially covered in sharp spines.
                  | [demonic ancestry]
  1149 | D:2      | Reached XP level 3. HP: 27/29 MP: 0/3
  1149 | D:2      | Quit the game

Illustrated notes

Levels and vault maps discovered:
D:1:      dpeg_arrival_erosion, layout_loops_corners
D:2:      minmay_recursive_quarters, layout_rooms, uniq_crazy_yiuf_cottage,
          uniq_robin, uniq_sigmund

Skill      XL: |  1 |
---------------+----+-----
Axes           | 3 |  3.9
Fighting       | |  3.0
Armour         | |  1.7
Dodging        | |  1.7

Action                   || total
-------------------------++-------
Melee: Hand axe          ||    35
       Punch             ||     2
Invok: Berserk           ||     1
 Stab: Sleeping          ||     1
Armor: Animal skin       ||     8
       Leather armour    ||     3
Dodge: Dodged            ||    26

Table legend: (Time is in decaauts)
 A = Elapsed time spent in this place.
 B = Non-inter-level travel time spent in this place.
 C = Inter-level travel time spent in this place.
 D = Time resting spent in this place.
 E = Time spent auto-exploring this place.
 F = Levels seen in this place.
 G = Mean time per level.
                   A        B        C        D        E       F      G
               +--------+--------+--------+--------+--------+-----+--------+
         Total |   1151 |   1118 |     33 |      0 |   1011 |   2 |  575.5 |
       Dungeon |   1151 |   1118 |     33 |      0 |   1011 |   2 |  575.5 |
               +--------+--------+--------+--------+--------+-----+--------+

Top non-repeatable levels by time:
     D:1: 1127 daAuts
     D:2: 23 daAuts
